 Dungeon Crawl Stone Soup version 0.22-a0-240-g539252a (webtiles) character file.

11 tidbits the Firebug (level 2, 0/22 HPs)
             Began as a Gnoll Fire Elementalist on Feb 21, 2018.
             Slain by Terence
             ... wielding a +0 hand axe
              (5 damage)
             ... on level 2 of the Dungeon.
             The game lasted 00:01:42 (164 turns).

tidbits the Firebug (Gnoll Fire Elementalist)        Turns: 164, Time: 00:01:43

Health: 0/22       AC:  2    Str: 10    XL:     2   Next: 25%
Magic:  0/7        EV: 20    Int: 15    God:
Gold:   18         SH:  0    Dex: 20    Spells: 9/10 levels left

rFire    . . .     SeeInvis .   g - +0 club
rCold    . . .     Gourm    .   (no shield)
rNeg     . . .     Faith    .   a - +0 robe
rPois    .         Spirit   .   (no helmet)
rElec    .         Reflect  .   (no cloak)
rCorr    .         Harm     .   (no gloves)
MR       .....                  (no boots)
Stlth    ++++......             (no amulet)
HPRegen  0.07/turn              (no ring)
MPRegen  0.10/turn              (no ring)

@: agile
A: distributed training, claws 1, fangs 1, dopey 1, low mp 1, robust 1, strong
nose
a: no special abilities


You were on level 2 of the Dungeon.
You were full.

You visited 1 branch of the dungeon, and saw 2 of its levels.

You collected 18 gold pieces.

Inventory:

Hand Weapons
 g - a +0 club (weapon)
Missiles
 c - 20 arrows
Armour
 a - a +0 robe (worn)
 d - a +2 shield
Scrolls
 f - a scroll of remove curse {unknown}
 h - a scroll of random uselessness {unknown}
Comestibles
 b - 2 rations


   Skills:
 + Level 0.3 Fighting
 + Level 0.3 Short Blades
 + Level 0.3 Long Blades
 + Level 0.3 Axes
 + Level 0.3 Maces & Flails
 + Level 0.3 Polearms
 + Level 0.3 Staves
 + Level 0.3 Slings
 + Level 0.3 Bows
 + Level 0.3 Crossbows
 + Level 0.3 Throwing
 + Level 0.3 Armour
 + Level 4.4 Dodging
 + Level 4.0 Stealth
 + Level 0.3 Shields
 + Level 0.3 Unarmed Combat
 + Level 4.9 Spellcasting
 + Level 2.0 Conjurations
 + Level 0.2 Hexes
 + Level 0.2 Charms
 + Level 0.2 Summonings
 + Level 0.2 Necromancy
 + Level 0.2 Translocations
 + Level 0.2 Transmutations
 + Level 5.3 Fire Magic
 + Level 0.2 Ice Magic
 + Level 0.2 Air Magic
 + Level 0.2 Earth Magic
 + Level 0.2 Poison Magic
 + Level 0.4 Invocations
 + Level 0.3 Evocations


You had 9 spell levels left.
You knew the following spells:

 Your Spells              Type           Power        Failure   Level  Hunger
a - Flame Tongue          Conj/Fire      ##...        3%          1    None


Dungeon Overview and Level Annotations

Branches:
Dungeon (2/15)

Altars:

Annotations:
D:2 Terence


Innate Abilities, Weirdness & Mutations

Your experience applies equally to all skills.
You have very sharp teeth.
Your uncanny sense of smell can sniff out nearby items.
You have sharp fingernails.
You are dopey. (Int -2)
Your magical capacity is low. (-10% MP)
You are robust. (+10% HP)


Message History

Unknown command.
You open the door.
Found a ration.
There is an open door here.
You see here a ration.
You eat the ration.
That ration really hit the spot!
Found a silvery potion.
Found a scroll labeled JASMEO MEFF.
A worm and Terence come into view.
Terence shouts!
You see here a silvery potion.
Unknown command.
i - a silvery potion
Casting: Flame Tongue (safe; 3% risk of failure)
Confirm with . or Enter, or press ? or * to list all spells.
Aiming: Flame Tongue (safe; 3% risk of failure)
Press: ? - help, Shift-Dir - straight line, f - Terence
Aim: Terence, wielding a hand axe and wearing a chain mail The flame tongue hits Terence.
Terence appears unharmed.
Casting: Flame Tongue (safe; 3% risk of failure)
Confirm with . or Enter, or press ? or * to list all spells.
Aiming: Flame Tongue (safe; 3% risk of failure)
Press: ? - help, Shift-Dir - straight line, f/p - Terence
Aim: Terence, wielding a hand axe and wearing a chain mail The flame tongue hits Terence.
Terence appears unharmed.
It was a potion of mutation.
You feel extremely strange.
You feel stupid.
You feel robust.
You feel less energetic.
Your fingernails lengthen.
Terence hits you with a hand axe.
It was a potion of agility.
You feel agile all of a sudden. Terence barely misses you.
Wield which item (- for none, * to show all)? (? for menu, Esc to quit)
g - a +0 club (weapon)
You barely miss Terence. Terence completely misses you.
Casting: Flame Tongue (safe; 3% risk of failure)
Confirm with . or Enter, or press ? or * to list all spells.
Aiming: Flame Tongue (safe; 3% risk of failure)
Press: ? - help, Shift-Dir - straight line, f/p - Terence
Aim: Terence, wielding a hand axe and wearing a chain mail The flame tongue hits Terence.
Terence appears unharmed.
Terence says, "Don't bother to defend, it's senseless."
Terence hits you with a hand axe.
Casting: Flame Tongue (safe; 3% risk of failure)
Confirm with . or Enter, or press ? or * to list all spells.
Aiming: Flame Tongue (safe; 3% risk of failure)
Press: ? - help, Shift-Dir - straight line, f/p - Terence
Aim: Terence, wielding a hand axe and wearing a chain mail The flame tongue hits Terence.
Terence is lightly wounded.
Terence misses you.
Casting: Flame Tongue (safe; 3% risk of failure)
Confirm with . or Enter, or press ? or * to list all spells.
Aiming: Flame Tongue (safe; 3% risk of failure)
Press: ? - help, Shift-Dir - straight line, f/p - Terence
Aim: Terence, wielding a hand axe and wearing a chain mail (lightly wounded)
The flame tongue hits Terence.
Terence appears unharmed.
Terence is lightly wounded.
Terence closely misses you.
Casting: Flame Tongue (safe; 3% risk of failure)
Confirm with . or Enter, or press ? or * to list all spells.
Aiming: Flame Tongue (safe; 3% risk of failure)
Press: ? - help, Shift-Dir - straight line, f/p - Terence
Aim: Terence, wielding a hand axe and wearing a chain mail (lightly wounded)
The flame tongue hits Terence.
Terence is moderately wounded.
Terence hits you with a hand axe.
Casting: Flame Tongue (safe; 3% risk of failure)
Confirm with . or Enter, or press ? or * to list all spells.
Aiming: Flame Tongue (safe; 3% risk of failure)
Press: ? - help, Shift-Dir - straight line, f/p - Terence
Aim: Terence, wielding a hand axe and wearing a chain mail (moderately wounded)
The flame tongue hits Terence.
Terence is moderately wounded.
Terence barely misses you.
You barely miss Terence.
Terence is moderately wounded.
Terence closely misses you.
You barely miss Terence.
Terence is moderately wounded.
Terence says, "How do you enjoy it?" Terence misses you.
You hit Terence but do no damage.
Terence is moderately wounded.
Terence closely misses you.
You barely miss Terence.
Terence is moderately wounded.
Terence hits you with a hand axe!
* * * LOW HITPOINT WARNING * * *
Terence misses you.
Casting: Flame Tongue (safe; 3% risk of failure)
Confirm with . or Enter, or press ? or * to list all spells.
Aiming: Flame Tongue (safe; 3% risk of failure)
Press: ? - help, Shift-Dir - straight line, f/p - Terence
Aim: Terence, wielding a hand axe and wearing a chain mail (moderately wounded)
The flame tongue hits Terence.
Terence appears unharmed.
Terence is moderately wounded.
Terence says, "Rest in peace."
Terence hits you with a hand axe.
You die...

......#.....#.#
##....#.....#.#
............#.#
#........#..
+...<....+..
#######........#..
#.....'...........
#.#####........###
#@# #.>......)<.
#@# #........... ∆
#.# #########.##
#.#### #... #....#
#..# #....# #..#
+....# #..# #....#
#..# #...?.. #..#


You could see Terence.

Vanquished Creatures
  A leopard gecko (D:2)
  2 bats (D:1)
  3 hobgoblins
  A frilled lizard (D:1)
  A kobold (D:1)
  2 rats
10 creatures vanquished.

Notes
Turn   | Place    | Note
-------+----------+-------------------------------------------
     0 | D:1      | tidbits the Gnoll Fire Elementalist began the quest for the Orb.
     0 | D:1      | Reached XP level 1. HP: 13/13 MP: 6/6
    54 | D:1      | Reached skill level 2 in Conjurations
    70 | D:2      | Reached XP level 2. HP: 19/19 MP: 1/7
   141 | D:2      | Noticed Terence
   151 | D:2      | Gained mutation: You are dopey. (Int -2) [potion of mutation]
   151 | D:2      | Gained mutation: You are robust. (+10% HP) [potion of mutation]
   151 | D:2      | Gained mutation: Your magical capacity is low. (-10% MP) [potion of mutation]
   151 | D:2      | Gained mutation: You have sharp fingernails. [potion of mutation]
   164 | D:2      | Slain by Terence

Vault maps used:
D:1:      grunt_arrival_crossed_arrows
D:2:      yredelemnul_altar_generic, dk_vineyard_1, uniq_terence

Skill      XL: |  1 |
---------------+----+-----
Conjurations   | 2 |  2.0
Fighting       | |  0.3
Short Blades   | |  0.3
Long Blades    | |  0.3
Axes           | |  0.3
Maces & Flails | |  0.3
Polearms       | |  0.3
Staves         | |  0.3
Slings         | |  0.3
Bows           | |  0.3
Crossbows      | |  0.3
Throwing       | |  0.3
Armour         | |  0.3
Dodging        | |  4.4
Stealth        | |  4.0
Shields        | |  0.3
Unarmed Combat | |  0.3
Spellcasting   | |  4.9
Hexes          | |  0.2
Charms         | |  0.2
Summonings     | |  0.2
Necromancy     | |  0.2
Translocations | |  0.2
Transmutations | |  0.2
Fire Magic     | |  5.3
Ice Magic      | |  0.2
Air Magic      | |  0.2
Earth Magic    | |  0.2
Poison Magic   | |  0.2
Invocations    | |  0.4
Evocations     | |  0.3

Action                   || total
-------------------------++-------
Melee: Unarmed           ||    16
       Club              ||     5
       Bite              ||     4
 Cast: Flame Tongue      ||    21
  Use: Potion            ||     2
  Eat: Ration            ||     1
Armor: Robe              ||     2
Dodge: Dodged            ||    21

Table legend:
 A = Spawn XP
 B = Non-spawn XP
 C = Spawn XP percentage of total XP
 D = Spawn monster count
 E = Non-spawn monster count
 F = Spawn count percentage of total count
 G = Total turns spent on level
                    A         B        C        D         E        F      G
               +---------+---------+-------+---------+---------+-------+---------
         Total |       0 |      16 |   0.0 |       0 |      10 |   0.0 |   164
               +---------+---------+-------+---------+---------+-------+---------
           D:1 |       0 |       8 |   0.0 |       0 |       6 |   0.0 |    64
           D:2 |       0 |       8 |   0.0 |       0 |       4 |   0.0 |   100
               +---------+---------+-------+---------+---------+-------+---------

Table legend:
 A = Turns spent in this place as a percentage of turns spent in the entire game.
 B = Non-inter-level travel turns spent in this place as a percentage of non-inter-level travel turns spent in the entire game.
 C = Inter-level travel turns spent in this place as a percentage of turns spent in this place.
 D = Turns resting spent in this place as a percentage of non-inter-level travel turns spent in this place.
 E = Turns spent auto-exploring this place as a percentage of non-inter-level travel turns spent in this place.
 F = Non-inter-level travel turns spent in this place divided by the number of levels of this place that you've seen.
                   A       B       C       D       E      F
               +-------+-------+-------+-------+-------+----------------------
         Total | 100.0 | 100.0 |   0.0 |   0.0 |   0.0 |  82.0
       Dungeon | 100.0 | 100.0 |   0.0 |   0.0 |   0.0 |  82.0
               +-------+-------+-------+-------+-------+----------------------

Table legend:
 A = Kills in this place as a percentage of kills in entire the game.
 B = Kills by you in this place as a percentage of kills by you in the entire game.
 C = Kills by friends in this place as a percentage of kills by friends in the entire game.
 D = Other kills in this place as a percentage of other kills in the entire game.
 E = Experience gained in this place as a percentage of experience gained in the entire game.
 F = Experience gained in this place divided by the number of levels of this place that you have seen.
                   A       B       C       D       E      F
               +-------+-------+-------+-------+-------+----------------------
         Total | 100.0 | 100.0 |   N/A |   N/A | 100.0 |   8.0
       Dungeon | 100.0 | 100.0 |   N/A |   N/A | 100.0 |   8.0
               +-------+-------+-------+-------+-------+----------------------

Vault maps used:
D:1:      grunt_arrival_crossed_arrows
D:2:      yredelemnul_altar_generic, dk_vineyard_1, uniq_terence
